 Dungeon Crawl Stone Soup version 0.29-a0-298-g3c90f9a769 (webtiles) character file.

Game seed: 10081031674868148261

794 Dabor the Stinger (level 7, -8/36 HPs)
             Began as a Deep Elf Venom Mage on Mar 23, 2022.
             Was an Initiate of Vehumet.
             Engulfed by a cloud of flame (23 damage)
             ... on level 4 of the Dungeon.
             The game lasted 00:10:43 (7765 turns).

Dabor the Stinger (Deep Elf Venom Mage)             Turns: 7765, Time: 00:10:43

Health: -8/36      AC:  4    Str:  5    XL:     7   Next: 58%
Magic:  17/17      EV: 18    Int: 22    God:    Vehumet [......]
Gold:   99         SH:  0    Dex: 15    Spells: 7/17 levels left

rFire   . . .      SeeInvis +   f - staff of earth
rCold   . . .      Faith    .   (no shield)
rNeg    . . .      Spirit   .   a - +0 robe
rPois   .          Reflect  .   (no helmet)
rElec   .          Harm     .   o - +1 cloak
rCorr   .          Rampage  .   (no gloves)
Will    .....                   (no boots)
Stlth   ++........              d - amulet of magic regeneration
HPRegen 0.12/turn               c - +4 ring of evasion
MPRegen 0.55/turn               j - ring of see invisible

@: no status effects
A: no striking features
a: Renounce Religion


You were on level 4 of the Dungeon.
You worshipped Vehumet.
Vehumet was noncommittal.
You visited 1 branch of the dungeon, and saw 5 of its levels.
You also visited: Ossuary.

You collected 109 gold pieces.
You donated 10 gold pieces to Zin.

Inventory:

Armour
 a - a +0 robe (worn)
 o - a +1 cloak (worn)
Magical Staves
 f - a staff of earth (weapon)
Jewellery
 c - a +4 ring of evasion (left hand)
 d - an amulet of magic regeneration (around neck)
 j - a ring of see invisible (right hand)
 u - a ring of resist corrosion
Wands
 r - a wand of charming (9)
Scrolls
 e - 2 scrolls of identify
 g - a scroll of fear
 h - 6 scrolls of teleportation
 i - a scroll of enchant weapon
 k - a scroll of magic mapping
 s - a scroll of noise
 t - a scroll of amnesia
Potions
 b - 3 potions of magic
 l - a potion of cancellation
 m - a potion of attraction {unknown}
 n - 2 potions of curing
 p - 2 potions of might {unknown}
 q - a potion of ambrosia


   Skills:
 + Level 4.9 Dodging
 - Level 3.0 Stealth
 + Level 5.6 Spellcasting
 + Level 1.7 Conjurations
 - Level 2.0 Transmutations
 + Level 1.6 Air Magic
 * Level 6.7 Poison Magic
 + Level 2.0 Invocations


You had 7 spell levels left.
You knew the following spells:

 Your Spells              Type           Power      Damage    Failure   Level
a - Sting                 Tmut/Pois      100%       1d8       1%          1
b - Poisonous Vapours     Pois/Air       48%        N/A       2%          2
c - Olgreb's Toxic Radia  Pois           35%        N/A       6%          4
d - Mephitic Cloud        Conj/Pois/Air  21%        N/A       7%          3

Your spell library contained the following spells:

 Spells                   Type           Power      Damage    Failure   Level
 Animate Skeleton         Necr           12%        N/A       10%         1
 Apportation              Tloc           12%        N/A       10%         1
 Summon Small Mammal      Summ           24%        N/A       10%         1


Dungeon Overview and Level Annotations

Branches:
Dungeon (5/15)            Ossuary (visited)
 Temple: D:4-7

Altars:
Ashenzari
Gozag
Sif Muna
Vehumet
Zin


Message History

The bat closely misses you. The quasit closely misses you. x3
Eustachio hits you with a +2 falchion of freezing!
Eustachio freezes you. The quasit closely misses you.
The quasit claws you but does no damage.
The quasit completely misses you.
You hit Eustachio.
Eustachio is almost dead.
You kill Eustachio!
The crimson imp disappears in a puff of smoke!
The quasit disappears in a puff of smoke!
The rat disappears in a puff of smoke!
The bat disappears in a puff of smoke!
Your Invocations skill increases to level 2!
Things that are here:
a +2 falchion of freezing; a +0 leather armour
Okay, then.
Search for what [Enter for "."]? .
You see here a +1 spear of flaming.
Why would you want to do that? Why would you want to do that?
You see here a +0 whip.
You open the door.
There is an open door here.
Okay, then.
As you read the scroll of identify, it crumbles to dust.
h - 6 scrolls of teleportation
As you read the scroll of identify, it crumbles to dust.
i - a scroll of enchant weapon
As you read the scroll of identify, it crumbles to dust.
k - a scroll of magic mapping
As you read the scroll of identify, it crumbles to dust.
s - a scroll of noise
There is a radiant altar of Vehumet here.
You kneel at the altar of Vehumet.
You have lost your religion!
Vehumet welcomes you!
You are engulfed in blazing flames.
Ouch! That really hurt!
You are engulfed in blazing flames.
Ouch! That really hurt!
You die...

##.##.#÷.....#...#.#....##)....#.
#.##.#......#...#.#.............
#.##.#.)....#...#.#........#..#.
#.##........#...#.#.....##.##.##
#.##........#...'......##......#
#.###.......#...#.#....####..###
#.# ######..#...........#......#
#.# ###...........[...##.##.##
#.# #........@.§......#......#
#.# #####.#.#.§.☼.....###.####.#
#.# #............○....###......#
#.# #.........§.○.......##.##.##
#.###..##............####......#
#....................######..###
#####..####.#..##.......#).....#
#..# #.#..##.########.##.##
######..####.#..##.# #.#..#


There were no monsters in sight!

Vanquished Creatures
  Sigmund (D:4)
  Eustachio (D:4)
  3 hounds
  Natasha (thrice) (D:2)
  4 orc wizards
  A mummy (Ossuary)
  2 adders (D:2)
  4 gnolls (D:2)
  A white imp (D:4)
  3 dart slugs
  13 orcs
  A spectral bat (Ossuary)
  5 bats (D:2)
  7 endoplasms
  2 giant cockroaches
  4 goblins
  11 hobgoblins
  12 kobolds
  A quokka (D:1)
  8 ball pythons
  4 bat simulacra (Ossuary)
  2 frilled lizards
  12 gnoll zombies (Ossuary)
  A goblin simulacrum (Ossuary)
  2 goblin zombies (Ossuary)
  6 hobgoblin zombies (Ossuary)
  3 kobold simulacra (Ossuary)
  5 kobold zombies (Ossuary)
  5 orc zombies (Ossuary)
  9 rats
  4 rat simulacra (Ossuary)
  A spectral goblin (Ossuary)
  6 spectral kobolds (Ossuary)
  6 spectral rats (Ossuary)
153 creatures vanquished.

Notes
Turn   | Place    | Note
-------+----------+-------------------------------------------
     0 | D:1      | Dabor the Deep Elf Venom Mage began the quest for the Orb.
     0 | D:1      | Reached XP level 1. HP: 10/10 MP: 6/6
   195 | D:1      | Reached XP level 2. HP: 10/15 MP: 0/8
   461 | D:1      | Found a faded altar of an unknown god.
   941 | D:1      | Reached XP level 3. HP: 14/19 MP: 5/9
  1548 | D:1      | Prayed at the altar of an unknown god.
  1548 | D:1      | Became a worshipper of Zin the Law-Giver
  1548 | D:1      | Reached * piety under Zin
  1623 | D:2      | Noticed Natasha
  1631 | D:2      | Killed Natasha
  1632 | D:2      | Reached skill level 4 in Poison Magic
  1673 | D:2      | Learned a level 2 spell: Poisonous Vapours
  1784 | D:2      | Reached XP level 4. HP: 9/24 MP: 8/11
  1836 | D:2      | Noticed Natasha
  1853 | D:2      | Killed Natasha
  2026 | D:2      | Reached ** piety under Zin
  2126 | D:2      | Noticed Natasha
  2127 | D:2      | Reached XP level 5. HP: 28/28 MP: 10/13
  2137 | D:2      | Killed Natasha
  2322 | D:2      | Reached skill level 5 in Poison Magic
  2989 | D:3      | Reached XP level 6. HP: 12/32 MP: 5/15
  3259 | D:3      | You fall into a shaft and drop 2 floors!
  3259 | D:5      | Entered Level 5 of the Dungeon
  3284 | D:5      | Found an opulent altar of Gozag.
  3342 | D:5      | Found a sand-covered staircase.
  3365 | Ossuary  | Entered an ossuary
  4825 | Ossuary  | Reached *** piety under Zin
  4971 | Ossuary  | Reached skill level 5 in Spellcasting
  6086 | D:4      | Reached skill level 6 in Poison Magic
  6102 | D:4      | Learned a level 4 spell: Olgreb's Toxic Radiance
  6106 | D:4      | Learned a level 3 spell: Mephitic Cloud
  6577 | D:3      | Reached skill level 1 in Invocations
  6807 | D:3      | Found a shimmering blue altar of Sif Muna.
  7290 | D:4      | Found a radiant altar of Vehumet.
  7315 | D:4      | Noticed Sigmund
  7324 | D:4      | Killed Sigmund
  7325 | D:4      | Reached skill level 1 in Conjurations
  7325 | D:4      | Reached skill level 1 in Air Magic
  7325 | D:4      | Reached XP level 7. HP: 28/36 MP: 5/17
  7439 | D:4      | Found a broken altar of Ashenzari.
  7643 | D:4      | Noticed Eustachio
  7653 | D:4      | Killed Eustachio
  7764 | D:4      | Fell from the grace of Zin
  7764 | D:4      | Became a worshipper of Vehumet
  7765 | D:4      | Engulfed by a cloud of flame

Illustrated notes

Levels and vault maps discovered:
D:1:      matt_arrival_grand_opening, layout_loops_corners,
          shapermc_ecumenical_altar_ellora, supply_closet_lemuel,
          minmay_heptomino_w4
D:2:      layout_basic, uniq_natasha
D:3:      layout_basic, nicolae_sif_muna_condensation
D:4:      layout_basic, fiery_altar_vehumet, mainiacjoe_overflow_catwalk,
          chequers_serial_rivers_large_b, st_stairs_14, hangedman_decor_push,
          minmay_misc_feat_alley, kennysheep_generic_room_6, uniq_eustachio,
          uniq_sigmund
D:5:      layout_gridville, lemuel_round_altar,
          nicolae_ossuary_entry_false_entrances, hangedman_decor_peaks_small,
          columned_hall_lemuel

Skill      XL: |  1  2  3  4  5  6  7 |
---------------+----------------------+-----
Dodging        | 3 4 |  4.9
Stealth        | 3 |  3.0
Poison Magic   | 4 5 6 |  6.7
Transmutations | 2 |  2.0
Spellcasting   | 4 5 |  5.6
Invocations    | 1 2 |  2.0
Conjurations   | 1 |  1.7
Air Magic      | 1 |  1.6

Action                   |  1- 3 |  4- 6 |  7- 9 || total
-------------------------+-------+-------+-------++-------
Melee: Staff             |    11 |    77 |     3 ||    91
       Punch             |       |     1 |       ||     1
 Cast: Sting             |    69 |   378 |     4 ||   451
       Olgreb's Toxic Ra |       |     4 |     7 ||    11
       Poisonous Vapours |       |     1 |       ||     1
Invok: Recite            |       |     4 |       ||     4
  Use: Scroll            |     4 |       |     4 ||     8
       Potion            |     2 |     2 |       ||     4
Armor: Robe              |     9 |    64 |     1 ||    74
Dodge: Dodged            |    36 |   304 |     9 ||   349

Table legend: (Time is in decaauts)
 A = Elapsed time spent in this place.
 B = Non-inter-level travel time spent in this place.
 C = Inter-level travel time spent in this place.
 D = Time resting spent in this place.
 E = Time spent auto-exploring this place.
 F = Levels seen in this place.
 G = Mean time per level.
                   A        B        C        D        E       F      G
               +--------+--------+--------+--------+--------+-----+--------+
         Total |   7787 |   7487 |    300 |    505 |   5719 |   6 | 1297.8 |
       Dungeon |   5231 |   4931 |    300 |     17 |   4140 |   5 | 1046.2 |
       Ossuary |   2556 |   2556 |      0 |    488 |   1579 |   1 | 2556.0 |
               +--------+--------+--------+--------+--------+-----+--------+

Top non-repeatable levels by time:
 Ossuary: 2556 daAuts
     D:1: 1586 daAuts
     D:2: 1290 daAuts
     D:4: 1198 daAuts
     D:3: 961 daAuts
     D:5: 194 daAuts
